 Dungeon Sprint DCSS version 0.18-b1-16-g289874d (webtiles) character file.

425 Ponchio the Thaumaturge (level 6, -6/36 HPs)
             Began as a High Elf Fire Elementalist on May 1, 2016.
             Was a Believer of Vehumet.
             Mangled by a vault warden
             ... wielding a +0 vampiric battleaxe
              (32 damage)
             ... in the Dungeon (Sprint V: "Ziggurat Sprint").
             The game lasted 00:13:56 (341 turns).

Ponchio the Thaumaturge (High Elf Fire Elementalist) Turns: 341, Time: 00:13:57

Health: -6/36      AC:  2    Str:  7    XL:     6   Next: 64%
Magic:  15/25      EV: 13    Int: 39    God:    Vehumet [**....]
Gold:   0          SH:  0    Dex: 16    Spells: 3 memorised, 14 levels left

rFire  . . .     SeeInvis .     I - +6 Majin-Bo {vamp, Archmagi MP+6 Int+6}
rCold  . . .     Gourm    .     a - +0 robe
rNeg   . . .     Faith    .     (shield currently unavailable)
rPois  .         Spirit   .     (no helmet)
rElec  .         Dismiss  .     (no cloak)
rCorr  .         Reflect  .     (no gloves)
SustAt .         Harm     .     (no boots)
MR     .....     NoTele   +     (no amulet)
Stlth  ++........               A - +6 ring of intelligence
                                B - +6 ring of intelligence

@: very slightly contaminated, hasted, very quick, not resistant to hostile
enchantments, unstealthy
A: no striking features
a: Renounce Religion


You were in the Dungeon.
You worshipped Vehumet.
Vehumet was pleased with you.
You were very full.

You visited 1 branch

Inventory:

Hand Weapons
 I - the +6 Majin-Bo (weapon) {vamp, Archmagi MP+6 Int+6}
   (You found it in the Dungeon)

   It inflicts no extra harm, but heals its wielder somewhat when it strikes a
   living foe.
   It affects your intelligence (+6).
   It affects your magic capacity (+6).
Armour
 a - a +0 robe (worn)
Jewellery
 y - a +6 ring of dexterity
 z - a +6 ring of dexterity
 A - a +6 ring of intelligence (right hand)
 B - a +6 ring of intelligence (left hand)
Wands
 E - a wand of disintegration (4/24)
 F - a wand of iceblast (5/15)
 G - a wand of lightning (4/15)
 H - a wand of acid (5/15)
Scrolls
 i - 4 scrolls of blinking
 p - 4 scrolls of amnesia
 q - 3 scrolls of recharging
 r - 7 scrolls of fog
 s - a scroll of holy word
 t - 5 scrolls of identify
 u - 5 scrolls of remove curse
 v - 2 scrolls of fear
Potions
 d - 10 potions of curing
 e - 10 potions of heal wounds
 f - 5 potions of haste
 g - 7 potions of magic
 h - 3 potions of berserk rage
 j - 2 potions of brilliance
 k - 2 potions of invisibility
 l - 4 potions of resistance
 n - 5 potions of agility
 o - 5 potions of might
Books
 b - a book of Flames

   Spells                             Type                      Level
   a - Flame Tongue                   Conjuration/Fire             1
   b - Throw Flame                    Conjuration/Fire             2
   c - Conjure Flame                  Conjuration/Fire             3
   d - Inner Flame                    Hexes/Fire                   3
   e - Sticky Flame                   Conjuration/Fire             4
   f - Fireball                       Conjuration/Fire             5
 K - a book of Necromancy

   Spells                             Type                      Level
   a - Pain                           Necromancy                   1
   b - Animate Skeleton               Necromancy                   1
   c - Vampiric Draining              Necromancy                   3
   d - Regeneration                   Charms/Necromancy            3
   e - Animate Dead                   Necromancy                   4
   f - Control Undead                 Necromancy                   4
Miscellaneous
 L - a lamp of fire
 M - a stone of tremors
Comestibles
 c - 5 bread rations
 w - 36 fruits
 x - 3 meat rations


   Skills:
 - Level 2.1 Dodging
 - Level 2.1 Stealth
 + Level 9.7 Spellcasting
 + Level 9.4 Conjurations
 + Level 2.7 Necromancy
 - Level 3.0 Fire Magic
 - Level 7.3 Evocations


You had 14 spell levels left.
You knew the following spells:

 Your Spells              Type           Power        Failure   Level  Hunger
a - Flame Tongue          Conj/Fire      #####        1%          1    None
b - Fireball              Conj/Fire      #######...   4%          5    #......
c - Control Undead        Necr           ######....   8%          4    None


Dungeon Overview and Level Annotations

Branches:
Dungeon (1/1)

Altars:
Ashenzari
Cheibriados
Dithmenos
Elyvilon
Fedhas
Gozag
Kikubaaqudgha
Makhleb
Nemelex Xobeh
Okawaru
Pakellas
Qazlal
Ru
Sif Muna
Trog
Vehumet
Xom
Yredelemnul
Zin
The Shining One
Beogh
Jiyva
Lugonu


Message History

The vault warden is moderately wounded.
Evoke which item? (* to show all) (? for menu, Esc to quit)
Zapping:
E - a wand of disintegration (5/24)
Press: ? - help, Shift-Dir - straight line, f - vault warden, p - slime creature
Aim: a vault warden, wielding a vampiric battleaxe and wearing a chain mail (heavily wounded, chance to defeat MR: 51%)
The vault warden resists with significant effort.
This wand has 4 charges left.
Evoke which item? (* to show all) (? for menu, Esc to quit)
Zapping:
G - a wand of lightning (5/15)
Press: ? - help, Shift-Dir - straight line, f - vault warden, p - vault warden
Aim: a vault warden, wielding a great mace and wearing a chain mail (moderately wounded)
You hear a mighty clap of thunder!
The bolt of lightning hits the vault warden.
The vault warden is heavily wounded.
The bolt of lightning hits the vault warden.
The vault warden is heavily wounded.
This wand has 4 charges left.
The vault warden hits you with a vampiric battleaxe!!
Ouch! That really hurt!
You die...

▓.....▓.....▓▓▓▓▓▓▓
▓▓▓▓▓▓▓▓▓▓▓▓▓▓
▓..8©8...▓
▓..))}...▓
▓...=....▓
▓........▓
▓...p....▓
▓...pJ...▓
▓..G@....▓
▓▓▓▓▓▓▓▓▓▓


You could see 2 vault wardens, a slime creature and a giant orange brain.

Vanquished Creatures
  A jumping spider (D)
  A wolf (D)
  A scorpion (D)
  An iguana (D)
  2 sheep (D)
  2 mummies (D)
  A jackal zombie (D)
9 creatures vanquished.

Notes
Turn   | Place    | Note
--------------------------------------------------------------
     0 | D        | Ponchio the High Elf Fire Elementalist began the quest for the Orb.
     0 | D        | Reached XP level 1. HP: 11/11 MP: 4/4
     0 | D        | Found a viscous altar of Jiyva.
     0 | D        | Found a roughly hewn altar of Beogh.
     0 | D        | Found a corrupted altar of Lugonu.
     0 | D        | Found a white marble altar of Elyvilon.
     0 | D        | Found a sparkling altar of Nemelex Xobeh.
     1 | D        | Found a burning altar of Makhleb.
     1 | D        | Found an iron altar of Okawaru.
     1 | D        | Found a deep blue altar of Sif Muna.
     1 | D        | Found a radiant altar of Vehumet.
     1 | D        | Found a bloodstained altar of Trog.
     1 | D        | Found a shimmering altar of Xom.
    44 | D        | Reached XP level 2. HP: 17/17 MP: 4/7
    47 | D        | Became a worshipper of Vehumet
   114 | D        | Entered arena 1.
   114 | D        | Noticed a scorpion
   114 | D        | Noticed a jumping spider
   116 | D        | Killed a jumping spider
   116 | D        | Reached XP level 3. HP: 21/21 MP: 13/13
   116 | D        | Reached XP level 4. HP: 27/27 MP: 14/15
   116 | D        | Reached XP level 5. HP: 31/31 MP: 14/16
   151 | D        | Learned a level 5 spell: Fireball
   169 | D        | Entered arena 2.
   170 | D        | Reached * piety under Vehumet
   170 | D        | Offered knowledge of Magic Dart by Vehumet.
   170 | D        | Reached XP level 6. HP: 36/36 MP: 18/18
   279 | D        | Learned a level 4 spell: Control Undead
   279 | D        | Entered arena 3.
   280 | D        | Reached ** piety under Vehumet
   336 | D        | Entered arena 4.
   336 | D        | Noticed a giant orange brain
   336 | D        | Noticed a vault warden
   336 | D        | Noticed a vault warden
   336 | D        | Noticed a slime creature
   341 | D        | Mangled by a vault warden

Skill      XL: |  1  2  3  4  5  6 |
---------------+-------------------+-----
Evocations     | 7 |  7.3
Spellcasting   | 8 9 |  9.7
Conjurations   | 7 8 9 |  9.4
Necromancy     | 2 |  2.7
Dodging        | |  2.1
Stealth        | |  2.1
Fire Magic     | |  3.0

Action                   |  1- 3 |  4- 6 || total
-------------------------+-------+-------++-------
Melee: Quarterstaff      |       |     4 ||     4
 Cast: Fireball          |       |     5 ||     5
Evoke: Wand              |     1 |     3 ||     4
  Use: Potion            |     1 |     1 ||     2
  Eat: Fruit             |     2 |     4 ||     6
       Meat ration       |       |     1 ||     1
Armor: Plate armour      |     2 |     4 ||     6
